 Dungeon Crawl Stone Soup version 0.29-a0-1065-g47a6bb87d6 (webtiles) character file.

Game seed: 18376969720413287344

67 nickcage the Poker (level 4, -5/32 (33) HPs)
             Began as a Merfolk Gladiator on Aug 18, 2022.
             Slain by Crazy Yiuf
             ... wielding a +3 quarterstaff of chaos
              (8 damage)
             ... on level 3 of the Dungeon.
             The game lasted 00:03:42 (1832 turns).

nickcage the Poker (Merfolk Gladiator)              Turns: 1832, Time: 00:03:43

HP:   -5/32 (33)    AC:  8    Str: 16    XL:     4   Next: 18%
MP:   2/4           EV: 12    Int:  7    God:
Gold: 53            SH:  0    Dex: 15    Spells: 3/3 levels left

rFire   . . .      SeeInvis .   a - +0 trident
rCold   . . .      Faith    .   (no shield)
rNeg    . . .      Spirit   .   r - +0 ring mail
rPois   .          Reflect  .   c - +1 helmet
rElec   .          Harm     .   (no cloak)
rCorr   .          Rampage  .   k - +0 pair of gloves
Will    .....                   (no boots)
Stlth   +.........              (no amulet)
HPRegen 0.10/turn               (no ring)
MPRegen 0.09/turn               (no ring)

@: lightly drained, invisible
A: (nimble swimmer 2), mertail
a: no special abilities


You were on level 3 of the Dungeon.
You visited 1 branch of the dungeon, and saw 3 of its levels.

You collected 53 gold pieces.

Inventory:

Hand Weapons
 a - a +0 trident (weapon)
Missiles
 d - 3 throwing nets
 e - a javelin (quivered)
Armour
 b - a +0 leather armour
 c - a +1 helmet (worn)
 k - a +0 pair of gloves (worn)
 r - a +0 ring mail (worn)
Jewellery
 v - a +6 ring of dexterity
Scrolls
 f - 3 scrolls of immolation
 g - 4 scrolls of teleportation
 o - a scroll of enchant armour
 p - a scroll of torment {unknown}
 q - a scroll of noise {unknown}
 u - a scroll of silence {unknown}
 w - a scroll of fear {unknown}
Potions
 h - a potion of resistance {unknown}
 i - 2 potions of haste
 j - a potion of degeneration {unknown}
 m - 2 potions of curing {unknown}
 n - 2 potions of lignification
 t - a potion of berserk rage {unknown}
 x - a potion of heal wounds {unknown}


   Skills:
 - Level 2.1 Fighting
 + Level 6.5 Polearms
 - Level 2.0 Throwing
 - Level 4.0 Dodging


You had 3 spell levels left.
You didn't know any spells.
Your spell library contained the following spells:

 Spells                   Type           Power      Damage    Failure   Level
 Gell's Gravitas          Tloc           0%         N/A       95%         3
 Lesser Beckoning         Tloc           0%         N/A       95%         3
 Teleport Other           Tloc           0%         N/A       95%         3


Dungeon Overview and Level Annotations

Branches:
Dungeon (3/15)

Altars:

Annotations:
D:3 Crazy Yiuf


Innate Abilities, Weirdness & Mutations

((You are very nimble when in or above water. (Stealth+, EV+, Speed+++)))
Your lower body shifts to a powerful aquatic tail in water.


Message History

You see here a bat corpse.
Found a hammer.
Found a runed translucent door.
You open the door. You puncture Crazy Yiuf!
Crazy Yiuf is heavily wounded.
Crazy Yiuf hits you with a +3 quarterstaff of chaos!
Crazy Yiuf draws strength from your wounds!
You closely miss Crazy Yiuf.
Crazy Yiuf is moderately wounded.
Crazy Yiuf hits you but does no damage.
You fade into invisibility!
You hit Crazy Yiuf. Your punch misses Crazy Yiuf.
Crazy Yiuf is heavily wounded.
Crazy Yiuf closely misses you.
You closely miss Crazy Yiuf.
Crazy Yiuf is heavily wounded.
Crazy Yiuf barely misses you.
You strike the helpless Crazy Yiuf from behind!
You hit Crazy Yiuf but do no damage.
Crazy Yiuf is heavily wounded.
Crazy Yiuf barely misses you.
You catch the helpless Crazy Yiuf completely off-guard!
You hit Crazy Yiuf.
Crazy Yiuf is severely wounded.
Crazy Yiuf hits you with a +3 quarterstaff of chaos!
You feel your power leaking away.
You hit Crazy Yiuf but do no damage.
Crazy Yiuf is severely wounded.
Crazy Yiuf laughs, "Leather!
Island mumblescurry head."
Crazy Yiuf closely misses you.
You hit Crazy Yiuf.
Crazy Yiuf is severely wounded.
Crazy Yiuf hits you with a +3 quarterstaff of chaos.
* * * LOW HITPOINT WARNING * * *
You feel drained.
* * * LOW HITPOINT WARNING * * *
You barely miss Crazy Yiuf.
Crazy Yiuf is severely wounded.
Crazy Yiuf hits you with a +3 quarterstaff of chaos!
You die...

##### #..)# .. #...#
####### ... ... #....<#
.... #g# #.######.... ♣♣@♣
#........... ####### ♣.♣♣
#..b........ #.....# ♣♣.♣
#.#..bS..... #.....# ♣.♣♣
#.........## #.....# ♣♣.♣♣
#.#.####..#. #.....#
♣.PP♣♣ #..... .....
#.....#### ♣P..P♣
#...####..#. #........#
##..## #...# #....
###........###....####...#
#..#.


You could see Crazy Yiuf (unable to see you).

Vanquished Creatures
  3 adders (D:3)
  2 dart slugs
  5 ball pythons
  3 bats
  5 endoplasms
  2 giant cockroaches (D:3)
  4 goblins
  6 hobgoblins
  2 kobolds
  3 rats (D:1)
35 creatures vanquished.

Notes
Turn   | Place    | Note
-------+----------+-------------------------------------------
     0 | D:1      | nickcage the Merfolk Gladiator began the quest for the Orb.
     0 | D:1      | Reached XP level 1. HP: 16/16 MP: 1/1
   573 | D:1      | Reached XP level 2. HP: 21/22 MP: 2/2
   698 | D:1      | You fall into a shaft and drop 1 floor!
   771 | D:1      | Reached skill level 5 in Polearms
  1177 | D:2      | Reached XP level 3. HP: 27/27 MP: 3/3
  1684 | D:3      | Reached skill level 6 in Polearms
  1724 | D:3      | Reached XP level 4. HP: 33/33 MP: 4/4
  1819 | D:3      | Found a runed translucent door.
  1820 | D:3      | Noticed Crazy Yiuf
  1832 | D:3      | Slain by Crazy Yiuf

Illustrated notes

Levels and vault maps discovered:
D:1:      sevenhm_arrival_forest_fort_large_3, layout_basic,
          nicolae_concentric_dashed_squares_mild, minmay_circled_x
D:2:      layout_loops_ring
D:3:      cheibrodos_greedy_goblins, layout_basic,
          grunt_temple_overflow_bloody_war, uniq_grinder, uniq_terence,
          uniq_natasha, uniq_crazy_yiuf_cottage

Skill      XL: |  1  2  3 |
---------------+----------+-----
Polearms       | 5 6 |  6.5
Fighting       | |  2.1
Throwing       | |  2.0
Dodging        | |  4.0

Action                   |  1- 3 |  4- 6 || total
-------------------------+-------+-------++-------
Melee: Trident           |    90 |    27 ||   117
       Punch             |     1 |       ||     1
  Use: Scroll            |     5 |     2 ||     7
 Stab: Sleeping          |     2 |       ||     2
       Distracted        |     1 |       ||     1
       Invisible         |       |     2 ||     2
Armor: Leather armour    |     5 |       ||     5
       Ring mail         |     9 |    10 ||    19
Dodge: Dodged            |    31 |    17 ||    48

Table legend: (Time is in decaauts)
 A = Elapsed time spent in this place.
 B = Non-inter-level travel time spent in this place.
 C = Inter-level travel time spent in this place.
 D = Time resting spent in this place.
 E = Time spent auto-exploring this place.
 F = Levels seen in this place.
 G = Mean time per level.
                   A        B        C        D        E       F      G
               +--------+--------+--------+--------+--------+-----+--------+
         Total |   1834 |   1761 |     73 |    323 |   1152 |   3 |  611.3 |
       Dungeon |   1834 |   1761 |     73 |    323 |   1152 |   3 |  611.3 |
               +--------+--------+--------+--------+--------+-----+--------+

Top non-repeatable levels by time:
     D:1: 1008 daAuts
     D:2: 650 daAuts
     D:3: 175 daAuts
